 Dungeon Crawl Stone Soup version 0.29.1-14-g9c671dbff4 (webtiles) character file.

Game seed: 8082621566366242631

91 leafyfresh the Changer (level 4, -1/28 HPs)
             Began as an Octopode Transmuter on Feb 14, 2023.
             Slain by a hobgoblin (5 damage)
             ... on level 2 of the Dungeon.
             The game lasted 00:03:21 (2757 turns).

leafyfresh the Changer (Octopode Transmuter)        Turns: 2757, Time: 00:03:21

Health: -1/28      AC:  2    Str:  9    XL:     4   Next: 59%
Magic:  5/7        EV: 19    Int: 15    God:
Gold:   55         SH:  0    Dex: 19    Spells: 1/7 levels left

rFire   . . .      SeeInvis .     - Unarmed
rCold   . . .      Faith    +   (shield currently unavailable)
rNeg    . . .      Spirit   .   (helmet currently unavailable)
rPois   x          Reflect  .   f - amulet of faith
rElec   .          Harm     .   (no ring)
rCorr   .          Rampage  .   (no ring)
Will    .....                   (no ring)
Stlth   ++........              (no ring)
HPRegen 0.09/turn               (no ring)
MPRegen 0.10/turn               (no ring)
                                (no ring)
                                (no ring)

@: spider-form (expiring)
A: venomous fangs, almost no armour, (amphibious), 8 rings, tiny, (camouflage
1), (gelatinous body 1), (nimble swimmer 1), (tentacles)
a: End Transformation


You were on level 2 of the Dungeon.
You were a venomous arachnid creature.
You visited 1 branch of the dungeon, and saw 2 of its levels.

You collected 83 gold pieces.
You spent 28 gold pieces at shops.

Inventory:

Hand Weapons
 i - a +2 dagger of venom (melded)
 j - a +2 sling of freezing
Magical Staves
 g - a staff of fire
Jewellery
 f - an amulet of faith (around neck)
Scrolls
 c - a scroll of amnesia {unknown}
 d - a scroll of brand weapon
 h - a scroll of blinking
 l - a scroll of identify
Potions
 a - a potion of lignification
 b - a potion of degeneration {unknown}
 e - a potion of heal wounds {unknown}
 k - a potion of berserk rage {unknown}


   Skills:
 - Level 1.1 Fighting
 - Level 2.1 Dodging
 - Level 3.0 Unarmed Combat
 - Level 2.0 Spellcasting
 + Level 4.4 Transmutations


You had one spell level left.
You knew the following spells:

 Your Spells              Type           Power      Damage    Failure   Level
a - Beastly Appendage     Tmut           28%        N/A       12%         1
b - Spider Form           Tmut/Pois      8%         N/A       47%         3
c - Wereblood             Tmut           14%        N/A       16%         2

Your spell library contained the following spells:

 Spells                   Type           Power      Damage    Failure   Level
 Ice Form                 Ice/Tmut       8%         N/A       83%         4


Dungeon Overview and Level Annotations

Branches:
Dungeon (2/15)

Altars:

Shops:
D:1 *

Annotations:
D:2 Sigmund


Innate Abilities, Weirdness & Mutations

You are a venomous arachnid creature.
You have poisonous fangs.
You are tiny and dextrous.
Your spellcasting is less reliable in this form.
Your armour is entirely melded.
You are incapable of wielding weapons or throwing items.
You cannot wear most types of armour.
((You are amphibious.))
You can wear up to eight rings at the same time.
((Your skin changes colour to match your surroundings (Stealth+).))
((Your rubbery body absorbs attacks. (AC +1, EV +1)))
((You are camouflaged when in or above water. (Stealth+)))
((You have tentacles for arms and can constrict up to eight enemies at once.))


Message History

You completely miss the adder.
The adder is lightly wounded.
You feel very sick.
You hit the adder.
The adder is heavily wounded.
You feel very sick. The adder misses you. x2
Sigmund shouts!
You hit the adder.
The adder is poisoned.
The adder is almost dead.
You feel sick.
You kill the adder!
Sigmund drinks a potion.
Sigmund's spells are empowered!
The adder misses you.
Unknown command.
You hit the adder but do no damage.
The adder is poisoned.
You feel sick. The adder barely misses you.
Sigmund screams, "You will never...
NEVER!!!"
You barely miss the adder.
The adder is moderately wounded.
You feel sick. The adder completely misses you.
The adder bites you but does no damage.
You hit the adder.
The adder looks as sick as possible!
The adder is almost dead.
You feel sick.
You kill the adder!
You barely miss the hobgoblin.
You feel sick. The hobgoblin misses you.
Sigmund casts a spell.
Sigmund flickers and vanishes!
Deactivating autopickup; reactivate with Ctrl-A.
Unknown command.
The hobgoblin attacks as you move away! The hobgoblin closely misses you.
Your transformation is almost over.
You feel sick.
You feel sick. The hobgoblin attacks as you move away!
The hobgoblin misses you.
You feel sick.
You are no longer poisoned.
There is a stone staircase leading up here.
The hobgoblin hits you.
You die...

#...# #...............## #
####.#.###................# #
#.......##...(.........##.#
#......[.....####.#######.###
#..........>.# ##.# #...#
#.......#..### #..# ###)###
.............# #.## #..÷.
.##........#.#####.#### ####<
#.......##..†.s.....## ##
#.......##...Bg.........
#......###..........###.
####.#.# #.†.######## ###†##
#..# #......# ####.#{# #.#..#


You could see a giant cockroach and a hobgoblin.

Vanquished Creatures
  3 adders (D:2)
  2 worms (D:2)
  A dart slug (D:2)
  3 bats
  9 endoplasms
  4 giant cockroaches
  7 hobgoblins
  7 ball pythons
  2 frilled lizards
  2 goblins (D:1)
  8 kobolds
  3 rats
51 creatures vanquished.

Notes
Turn   | Place    | Note
-------+----------+-------------------------------------------
     0 | D:1      | leafyfresh the Octopode Transmuter began the quest for the
                  | Orb.
     0 | D:1      | Reached XP level 1. HP: 13/13 MP: 3/3
   323 | D:1      | Reached XP level 2. HP: 13/18 MP: 5/5
   778 | D:1      | Reached skill level 3 in Transmutations
  1076 | D:1      | Reached XP level 3. HP: 13/23 MP: 4/6
  1468 | D:1      | Found Iwky's General Store.
  1484 | D:1      | Bought a scroll of identify for 28 gold pieces
  2198 | D:2      | Learned a level 3 spell: Spider Form
  2201 | D:2      | Learned a level 2 spell: Wereblood
  2367 | D:2      | Reached skill level 4 in Transmutations
  2367 | D:2      | Reached XP level 4. HP: 2/28 MP: 5/7
  2743 | D:2      | Noticed Sigmund
  2757 | D:2      | Slain by a hobgoblin

Illustrated notes

Levels and vault maps discovered:
D:1:      sevenhm_arrival_forest_fort_small_4, layout_basic, serial_shops,
          nicolae_shop_temple_entry_statues_fountains
D:2:      layout_rooms, item_on_display_a, uniq_sigmund

Skill      XL: |  1  2  3 |
---------------+----------+-----
Transmutations | 3 4 |  4.4
Fighting       | |  1.1
Dodging        | |  2.1
Unarmed Combat | |  3.0
Spellcasting   | |  2.0

Action                   |  1- 3 |  4- 6 || total
-------------------------+-------+-------++-------
Melee: Unarmed           |    28 |     7 ||    35
       Constrict         |    21 |     2 ||    23
       Kick              |    12 |       ||    12
       Tentacles         |    16 |     3 ||    19
       Punch             |     2 |       ||     2
       Dagger            |    67 |     8 ||    75
 Cast: Beastly Appendage |     8 |       ||     8
       Spider Form       |       |     1 ||     1
  Use: Scroll            |     2 |       ||     2
 Stab: Sleeping          |     5 |     2 ||     7
Armor: Skin              |     5 |     2 ||     7
Dodge: Dodged            |    47 |    19 ||    66
